 Dungeon Crawl Stone Soup version 0.25-a0-815-gab441bd002 (webtiles) character file.

Game seed: 3379639080557700777, levelgen mode: deterministic

111 KiliKikkendorf the Poker (level 4, -1/38 HPs)
             Began as a Minotaur Gladiator on Apr 20, 2020.
             Slain by an ogre
             ... wielding a +0 giant spiked club
              (13 damage)
             ... on level 2 of the Dungeon.
             The game lasted 00:04:30 (1293 turns).

KiliKikkendorf the Poker (Minotaur Gladiator)       Turns: 1293, Time: 00:04:31

Health: -1/38      AC:  5    Str: 20    XL:     4   Next: 62%
Magic:  3/3        EV: 12    Int:  5    God:
Gold:   47         SH:  0    Dex: 11    Spells: 3/3 levels left

rFire    . . .     SeeInvis +   a - +1 trident
rCold    . . .     Gourm    .   (no shield)
rNeg     . . .     Faith    .   m - +0 ring mail
rPois    .         Spirit   .   c - +0 hat
rElec    .         Reflect  .   (no cloak)
rCorr    .         Harm     .   (no gloves)
MR       .....                  (no boots)
Stlth    +.........             (no amulet)
HPRegen  0.12/turn              e - ring of see invisible
MPRegen  0.08/turn              (no ring)

@: no status effects
A: retaliatory headbutt, horns 2
a: no special abilities


You were on level 2 of the Dungeon.
You were not hungry.

You visited 1 branch of the dungeon, and saw 2 of its levels.

You collected 47 gold pieces.

Inventory:

Hand Weapons
 a - a +1 trident (weapon)
Armour
 b - a +0 leather armour
 c - a +0 hat (worn)
 m - a +0 ring mail (worn)
Jewellery
 e - a ring of see invisible (left hand)
Scrolls
 h - a scroll of identify
 i - 2 scrolls of remove curse {unknown}
Potions
 g - a potion of degeneration {unknown}
Comestibles
 f - 3 rations
 j - 3 chunks of flesh


   Skills:
 + Level 3.3 Fighting
 + Level 5.1 Polearms
 + Level 2.1 Throwing
 + Level 0.7 Armour
 + Level 3.8 Dodging
 + Level 0.3 Stealth
 * Level 1.2 Unarmed Combat


You had 3 spell levels left.
You didn't know any spells.
Your spell library was empty.

Dungeon Overview and Level Annotations

Branches:
Dungeon (2/15)

Altars:
Okawaru


Innate Abilities, Weirdness & Mutations

You reflexively headbutt those who attack you in melee.
You have a pair of horns on your head.


Message History

The ogre is lightly wounded.
The ogre completely misses you.
You puncture the ogre!
The ogre is heavily wounded.
You closely miss the ogre.
The ogre is heavily wounded.
The ogre hits you with a +0 giant spiked club!
You hit the ogre. You headbutt the ogre.
The ogre is heavily wounded.
The ogre hits you with a +0 giant spiked club!
* * * LOW HITPOINT WARNING * * *
You hit the ogre but do no damage.
The ogre is heavily wounded.
You puncture the ogre! Your headbutt misses the ogre.
The ogre is almost dead.
The ogre hits you with a +0 giant spiked club.
* * * LOW HITPOINT WARNING * * *
You feel better.
The ogre hits you with a +0 giant spiked club!
You die...

# #.##.####.# #.......# #..
# .........##
#.####..#####.. #
.######...###..............
#.........##.######.#
#...###.#.##.# #.#
......####.#.##.# #..
##.####.........# ### #.
#.######### # ####@####
#..O....# .....##.##.# ....
#.. # ... ##.# .. .# . ..
.# .#


You could see an ogre.

Vanquished Creatures
  Jessica (D:2)
  6 adders (D:2)
  2 dart slugs
  2 giant cockroaches
  4 goblins (D:2)
  3 hobgoblins
  4 kobolds
  A ball python (D:1)
  A bat (D:2)
  2 frilled lizards
  8 rats
34 creatures vanquished.

Notes
Turn   | Place    | Note
-------+----------+-------------------------------------------
     0 | D:1      | KiliKikkendorf the Minotaur Gladiator began the quest for
                  | the Orb.
     0 | D:1      | Reached XP level 1. HP: 18/18 MP: 0/0
    22 | D:1      | Found an iron altar of Okawaru.
   196 | D:1      | Reached XP level 2. HP: 25/25 MP: 1/1
   374 | D:1      | Reached skill level 4 in Polearms
   546 | D:2      | Reached XP level 3. HP: 15/30 MP: 2/2
  1010 | D:2      | Noticed Jessica
  1011 | D:2      | Killed Jessica
  1011 | D:2      | Reached XP level 4. HP: 38/38 MP: 3/3
  1166 | D:2      | Reached skill level 1 in Unarmed Combat
  1279 | D:2      | Noticed an ogre
  1285 | D:2      | Reached skill level 5 in Polearms
  1293 | D:2      | Slain by an ogre

Levels and vault maps discovered:
D:1:      tarquinn_simple_flora_water_a, layout_basic, okawaru_ov_weapons_minmay
D:2:      layout_loops_cross, uniq_jessica

Skill      XL: |  1  2  3  4 |
---------------+-------------+-----
Polearms       | 4 5 |  5.1
Fighting       | 3 |  3.3
Unarmed Combat | 1 |  1.2
Throwing       | |  2.1
Armour         | |  0.7
Dodging        | |  3.8
Stealth        | |  0.3

Action                   |  1- 3 |  4- 6 || total
-------------------------+-------+-------++-------
Melee: Trident           |    49 |    21 ||    70
       Headbutt          |     4 |     2 ||     6
  Use: Scroll            |     1 |     1 ||     2
       Potion            |       |     6 ||     6
  Eat: Chunk             |       |     1 ||     1
Armor: Leather armour    |     9 |       ||     9
       Ring mail         |       |     4 ||     4
Dodge: Dodged            |    32 |    11 ||    43

Table legend:
 A = Non-vault XP
 B = Vault XP
 C = Vault XP percentage of total XP
 D = Non-vault monster count
 E = Vault monster count
 F = Vault count percentage of total count
                 A         B        C        D         E       F
            +---------+---------+-------+---------+---------+-------
      Total |     122 |      37 |  23.3 |      33 |       1 |   2.9
            +---------+---------+-------+---------+---------+-------
        D:1 |      18 |       0 |   0.0 |      11 |       0 |   0.0
        D:2 |     104 |      37 |  26.2 |      22 |       1 |   4.3
            +---------+---------+-------+---------+---------+-------
